 Dungeon Crawl Stone Soup version 0.26.0-5-gb5863c6483 (webtiles) character file.

Game seed: 11409698452648104058

20183 Froggeryz the Bludgeoner (level 12, -5/78 HPs)
             Began as a Gargoyle Gladiator on Jan 11, 2021.
             Was a High Priest of Okawaru.
             Slain by a wolf (6 damage)
             ... on level 1 of the Lair of Beasts.
             The game lasted 00:19:31 (14696 turns).

Froggeryz the Bludgeoner (Gargoyle Gladiator)      Turns: 14696, Time: 00:19:31

Health: -5/78      AC: 18    Str: 23    XL:     12   Next: 76%
Magic:  12/12      EV: 11    Int:  9    God:    Okawaru [*****.]
Gold:   374        SH:  0    Dex: 14    Spells: 11/11 levels left

rFire    + . .     SeeInvis .   A - +5 morningstar (venom)
rCold    + . .     Faith    .   (no shield)
rNeg     + . .     Spirit   .   q - +0 scale mail
rPois    ∞         Reflect  .   c - +0 helmet
rElec    +         Harm     .   o - scarf {rC+ rF+}
rCorr    +         Rampage  .   Q - +1 pair of gloves {Dex+3}
Will     .....                  b - +0 pair of boots
Stlth    ..........             (no amulet)
HPRegen  0.23/turn              s - ring of resist corrosion
MPRegen  0.13/turn              D - -4 ring of protection (curse)

@: no status effects
A: negative energy resistance 1, electricity resistance, unbreathing,
petrification resistance, miasma immunity, AC +8
a: Renounce Religion, Heroism, Finesse


You were on level 1 of the Lair of Beasts.
You worshipped Okawaru.
Okawaru was extremely pleased with you.
You visited 3 branches of the dungeon, and saw 15 of its levels.
You also visited: Sewer.

You collected 707 gold pieces.
You spent 333 gold pieces at shops.

Inventory:

Hand Weapons
 A - a +5 morningstar of venom (weapon)
 F - a +1 whip of freezing
 H - the +11 mace of Shrieking Terror {vorpal, Str+4}
   (You found it on level 6 of the Dungeon)

   It inflicts extra damage upon your enemies.
   It affects your strength (+4).
Missiles
 d - 5 throwing nets (quivered)
 I - 5 curare-tipped darts
 R - 4 javelins
Armour
 b - a +0 pair of boots (worn)
 c - a +0 helmet (worn)
 o - a scarf of resistance (worn)
 q - a +0 scale mail (worn)
 w - the +0 plate armour of Complete Protection {Harm Str+4 SInv, unknown}
   (Okawaru gifted it to you on level 11 of the Dungeon)

   It affects your strength (+4).
   It lets you see invisible.
   It increases damage dealt and taken.
 Q - a +1 pair of gloves of dexterity (worn)
Jewellery
 s - a ring of resist corrosion (left hand)
 C - an uncursed ring of stealth {unknown}
 D - a cursed -4 ring of protection (right hand)
Wands
 a - a wand of enslavement (6)
 x - a wand of polymorph (15)
 y - a wand of iceblast (8)
 B - a wand of acid (5)
 K - a wand of random effects (13)
Scrolls
 f - 11 scrolls of identify
 g - 5 scrolls of enchant weapon
 i - 3 scrolls of fear
 j - 3 scrolls of magic mapping
 m - 10 scrolls of teleportation
 p - 5 scrolls of amnesia
 r - a scroll of silence {unknown}
 u - 2 scrolls of noise
 G - 2 scrolls of remove curse {unknown}
 N - a scroll of acquirement {unknown}
 P - a scroll of vulnerability {unknown}
Potions
 e - 3 potions of flight {unknown}
 h - a potion of ambrosia {unknown}
 k - 4 potions of lignification {unknown}
 l - 7 potions of curing
 n - 3 potions of invisibility
 v - a potion of cancellation {unknown}
 z - a potion of degeneration {unknown}
 E - 4 potions of attraction {unknown}
 J - 2 potions of mutation
 L - a potion of haste {unknown}
 M - 2 potions of might {unknown}
 O - a potion of magic {unknown}


   Skills:
 + Level 10.3 Fighting
 - Level 16.0 Maces & Flails
 - Level 1.7 Throwing
 + Level 9.3 Armour
 - Level 2.4 Dodging


You had 11 spell levels left.
You didn't know any spells.
Your spell library contained the following spells:

 Spells                   Type           Power        Failure   Level
 Beastly Appendage        Tmut           0%           65%         1
 Magic Dart               Conj           0%           65%         1
 Blink                    Tloc           N/A          80%         2
 Call Imp                 Summ           0%           80%         2
 Slow                     Hex            0%           80%         2
 Wereblood                Tmut           0%           80%         2
 Conjure Flame            Conj/Fire      0%           95%         3
 Mephitic Cloud           Conj/Pois/Air  0%           95%         3
 Spider Form              Tmut/Pois      0%           95%         3
 Ice Form                 Ice/Tmut       0%           100%        4
 Blade Hands              Tmut           0%           100%        5


Dungeon Overview and Level Annotations

Branches:
Dungeon (13/15)            Temple (1/1) D:7            Lair (1/6) D:9
  Sewer (visited)
    Orc: D:9-12      Vaults: D:13-14

Altars:
Ashenzari
Dithmenos
Elyvilon
Gozag
Hepliaklqana
Nemelex Xobeh
Okawaru
Ru
Sif Muna
Trog
Uskayaw
Vehumet
Wu Jian
Xom
The Shining One

Shops:
D:7 *


Innate Abilities, Weirdness & Mutations

You are resistant to torment.
Your stone body is resilient. (AC +8)
You are immune to poison.
You resist negative energy. (rN+)
You are resistant to electric shocks. (rElec)
You can survive without breathing.
You are immune to petrification.
You are immune to miasma.


Message History

You barely miss the cane toad.
Your attack snaps the cane toad out of its fear.
The cane toad is severely wounded.
The wolf looks more healthy.
The cane toad stings you!
* * * LOW HITPOINT WARNING * * *
The wolf bites you.
* * * LOW HITPOINT WARNING * * *
Okay, then.
Unknown command.
As you read the scroll of fear, it crumbles to dust.
You assume a fearsome visage.
The cane toad looks frightened!
The wolf looks frightened!
The wolf barely misses you.
As you read the scroll of fear, it crumbles to dust.
You assume a fearsome visage.
Nothing appears to happen.
The wolf misses you. The wolf bites you but does no damage.
You impale the wolf!!
The wolf is poisoned.
Your attack snaps the wolf out of its fear.
The wolf is almost dead.
The wolf bites you.
You die...

♣... ...≈≈≈≈≈≈≈≈.. .....
..≈≈≈≈≈≈≈≈≈.# [ ♣...
..≈≈≈≈≈≈≈≈≈.# ..♣...#####
#.≈≈≈≈..≈≈≈# .......#..#
#.≈≈≈.<.≈.# .......h†##
##.≈.††..≈# ........#.###
####....### ......†#....#
### ###.....
..........h@####.#######P...
...♣#.........#...##..###.P.
.♣...h...........#....#....
.....##..###........#.......
≈♣♣.##.F.###....##..###.....
... ###.#...........##.....
... #......†...........## ..
####.....##.#..#.#.#
###...####...###..


You could see a cane toad (fleeing) and 3 wolves.

Vanquished Creatures
  Josephine (D:12)
  Erolcha (D:11)
  Harold (D:9)
  An ice dragon (D:12)
  Erica (D:10)
  Urug (D:10)
  An unseen horror (D:11)
  Pikel (D:6)
  2 ugly things
  2 cyclopes
  A gargoyle (D:11)
  A komodo dragon (D:13)
  3 trolls
  A hornet (D:10)
  Prince Ribbit (D:6)
  4 slime creatures
  A shadow (D:12)
  A wyvern (D:13)
  6 wraiths
  13 yaks
  3 acid dragons
  Duvessa (D:6)
  A water moccasin (Lair:1)
  A sky beast (D:5)
  A black bear (D:9)
  2 phantoms
  2 orc warriors
  6 ogres
  11 ice beasts
  2 necrophages
  16 wolves (Lair:1)
  5 centaurs
  A lemure (D:6)
  Blork the orc (D:5)
  3 big kobolds
  9 bullfrogs
  Dowan (D:6)
  A water moccasin zombie (D:9)
  A wyvern skeleton (D:9)
  A scorpion (D:8)
  8 wights
  5 howler monkeys
  2 centaur zombies
  4 bullfrog zombies
  3 bullfrog skeletons
  2 centaur skeletons
  3 hounds
  2 jellies
  Crazy Yiuf (D:6)
  A gnoll shaman (D:6)
  4 orc priests
  5 iguanas
  Jessica (D:9)
  5 orc wizards
  9 worker ants
  A killer bee zombie (D:9)
  4 hound skeletons
  A worker ant zombie (D:11)
  11 gnolls
  11 adders
  2 river rats (D:5)
  3 shadow imps
  6 white imps
  2 oozes (D:2)
  4 adder skeletons
  6 worms
  4 dart slugs
  7 leopard geckos
  42 orcs
  5 ball pythons
  14 bats
  12 giant cockroaches
  9 goblins
  11 hobgoblins
  12 jackals
  7 quokkas
  9 frilled lizards
  A jackal skeleton (D:4)
  20 kobolds
  A quokka skeleton (D:10)
  11 rats
384 creatures vanquished.

Vanquished Creatures (others)
  6 fungi (D:5)
  A plant (Lair:1)
7 creatures vanquished.

Grand Total: 391 creatures vanquished

Notes
Turn   | Place    | Note
-------+----------+-------------------------------------------
     0 | D:1      | Froggeryz the Gargoyle Gladiator began the quest for the
                  | Orb.
     0 | D:1      | Reached XP level 1. HP: 12/12 MP: 1/1
   269 | D:1      | Reached XP level 2. HP: 17/17 MP: 2/2
   523 | D:1      | Reached skill level 1 in Armour
  1055 | D:2      | Reached XP level 3. HP: 21/21 MP: 3/3
  1111 | D:2      | Reached skill level 4 in Maces & Flails
  1370 | D:2      | Found a shadowy altar of Dithmenos.
  1453 | D:2      | Reached XP level 4. HP: 15/26 MP: 4/4
  1595 | D:2      | Found an ornate altar of the Wu Jian Council.
  1598 | D:2      | Found a hide-covered altar of Uskayaw.
  1612 | D:2      | Found an iron altar of Okawaru.
  1662 | D:2      | Became a worshipper of Warmaster Okawaru
  2301 | D:3      | Reached XP level 5. HP: 30/30 MP: 5/5
  2416 | D:3      | Reached skill level 5 in Maces & Flails
  2806 | D:4      | Noticed an ogre
  2808 | D:4      | Noticed an ogre
  2859 | D:3      | Reached * piety under Okawaru
  2860 | D:3      | Reached XP level 6. HP: 19/36 MP: 6/6
  3062 | D:4      | Reached skill level 6 in Maces & Flails
  3409 | D:3      | Reached ** piety under Okawaru
  3410 | D:3      | Reached XP level 7. HP: 28/41 MP: 7/7
  3806 | D:4      | Reached skill level 7 in Maces & Flails
  4368 | D:5      | Entered Level 5 of the Dungeon
  4423 | D:5      | Noticed Blork the orc
  4454 | D:5      | Killed Blork the orc
  4455 | D:5      | Reached skill level 8 in Maces & Flails
  4455 | D:5      | Reached XP level 8. HP: 40/48 MP: 8/8
  4464 | D:5      | Reached skill level 5 in Fighting
  4553 | D:5      | Reached *** piety under Okawaru
  4609 | D:5      | Found a glowing drain.
  4613 | Sewer    | Entered a sewer
  5439 | D:5      | Reached skill level 9 in Maces & Flails
  6045 | D:6      | Noticed Prince Ribbit
  6053 | D:6      | Killed Prince Ribbit
  6054 | D:6      | Reached skill level 10 in Maces & Flails
  6054 | D:6      | Reached XP level 9. HP: 28/54 MP: 9/9
  6372 | D:6      | Noticed Pikel
  6385 | D:6      | Killed Pikel
  6385 | D:6      | Reached **** piety under Okawaru
  6386 | D:6      | Reached skill level 11 in Maces & Flails
  6845 | D:6      | Reached skill level 12 in Maces & Flails
  7031 | D:6      | Found a radiant altar of Vehumet.
  7115 | D:6      | Found a runed translucent door.
  7115 | D:6      | Noticed Duvessa
  7115 | D:6      | Noticed Crazy Yiuf
  7117 | D:6      | Noticed Dowan
  7159 | D:6      | Got a twisted mace
  7161 | D:6      | Identified the +11 mace of Shrieking Terror {vorpal, Str+4}
                  | (You found it on level 6 of the Dungeon)
  7487 | D:6      | Killed Duvessa
  7491 | D:6      | Killed Crazy Yiuf
  7494 | D:6      | Killed Dowan
  7588 | D:7      | Found Amys's Assorted Antiques.
  7596 | D:7      | Bought a scroll of fear for 80 gold pieces
  7596 | D:7      | Bought a scroll of teleportation for 69 gold pieces
  7596 | D:7      | Bought a scroll of teleportation for 69 gold pieces
  7596 | D:7      | Bought a potion of heal wounds for 115 gold pieces
  7987 | D:7      | Found a staircase to the Ecumenical Temple.
  7998 | Temple   | Entered the Ecumenical Temple
  8034 | D:8      | Found the +7 captain's cutlass {speed, disarm}
  8060 | D:8      | Reached XP level 10. HP: 59/59 MP: 10/10
  8286 | D:8      | Reached ***** piety under Okawaru
  8287 | D:8      | Reached skill level 13 in Maces & Flails
  9137 | D:9      | Noticed a moth of wrath
  9140 | D:9      | Found a bloodstained altar of Trog.
  9301 | D:9      | You fall into a shaft and drop 3 floors!
  9345 | D:11     | Noticed a gargoyle
  9349 | D:11     | Killed a gargoyle
  9392 | D:11     | Noticed Josephine
  9396 | D:11     | Noticed a red ugly thing
  9396 | D:11     | Noticed a cyclops
  9414 | D:12     | Killed Josephine
  9415 | D:12     | Reached skill level 14 in Maces & Flails
  9726 | D:10     | Entered Level 10 of the Dungeon
  9935 | D:9      | Found a staircase to the Lair.
  9942 | D:9      | Reached XP level 11. HP: 64/64 MP: 11/11
 10119 | D:9      | Reached skill level 15 in Maces & Flails
 10169 | D:9      | Found a white marble altar of Elyvilon.
 10310 | D:9      | Noticed Harold
 10326 | D:9      | Killed Harold
 10724 | D:9      | Noticed Jessica
 10732 | D:9      | Killed Jessica
 10738 | D:9      | Found a shimmering blue altar of Sif Muna.
 10771 | D:9      | Found a hazy altar of Hepliaklqana.
 10965 | D:10     | Noticed Erica
 10976 | D:10     | Killed Erica
 11080 | D:10     | Noticed Urug
 11091 | D:10     | Killed Urug
 11091 | D:10     | Received a gift from Okawaru
 12021 | D:11     | Reached skill level 16 in Maces & Flails
 12055 | D:11     | Killed a cyclops
 12056 | D:11     | Reached skill level 5 in Armour
 12183 | D:11     | You fall into a shaft and drop 2 floors!
 12540 | D:13     | Reached XP level 12. HP: 53/73 MP: 12/12
 13218 | D:12     | Noticed an ice dragon
 13234 | D:12     | Killed an ice dragon
 13431 | D:11     | Received a gift from Okawaru
 13432 | D:11     | Got a twisted plate armour {god gift}
 13472 | D:12     | Noticed a boulder beetle
 14284 | D:11     | Noticed Erolcha
 14335 | D:11     | Killed Erolcha
 14528 | Lair:1   | Entered Level 1 of the Lair of Beasts
 14537 | Lair:1   | Reached skill level 10 in Fighting
 14693 | Lair:1   | HP: 1/78 [wolf (5)]
 14696 | Lair:1   | Slain by a wolf

Illustrated notes

Levels and vault maps discovered:
D:1:      minmay_arrival_nine_rooms, layout_basic
D:2:      layout_basic, grunt_dithmenos_smoke_and_mirrors,
          gammafunk_temple_overflow_forgotten
D:3:      minmay_door_path, layout_rooms
D:4:      layout_cave_pools, minmay_misc_feat_encased
D:5:      layout_basic, serial_aquarium, aquarium_bridge_straight
          [aquarium_subvault_bridge, aquarium_subvault_balcony,
          aquarium_subvault_bridge, aquarium_subvault_wall],
          aquarium_bridge_square [aquarium_subvault_wall,
          aquarium_subvault_bridge, aquarium_subvault_bridge,
          aquarium_subvault_bridge], aquarium_window_fake, aquarium_window_fake,
          aquarium_window_fake, aquarium_window_fake, aquarium_view_2b,
          aquarium_view_2a, gup_sewer_entry_bowl, uniq_blork_the_orc
D:6:      layout_basic, marbit_many_paths, uniq_crazy_yiuf_cottage,
          uniq_prince_ribbit1, uniq_duvessa, uniq_pikel
D:7:      layout_cave_pools, minmay_temple_entry_glassed_door, serial_shops,
          shop_fountains
D:8:      layout_loops_corners
D:9:      layout_long_grid, tgw_sif, tgw_trog, nzn_hepliaklqana_mist_gate,
          kennysheep_little_box, lair_entry_dummy, uniq_harold
D:10:     layout_roguey, uniq_urug, uniq_erica
D:11:     layout_basic, uniq_josephine, uniq_erolcha
D:12:     layout_cave_pools, erik_orc_1, minivault_19, ice2_lemuel
D:13:     layout_roguey, grunt_vaults_entry_tiered, special_room
          [special_room_bee], kennysheep_generic_room_12, uniq_maurice
Temple:   cyrus_circular_temple
Lair:1:   gammafunk_lair_enchanted_lake, layout_cave_shapes,
          grunt_forest_large_clearings, infiniplex_staircase_pool,
          lemuel_fruit_tree

Skill      XL: |  1  2  3  4  5  6  7  8  9 10 11 12 |
---------------+-------------------------------------+-----
Armour         | 1 2 3 6 9 |  9.3
Maces & Flails | 4 5 6 8 10 12 14 16 | 16.0
Fighting       | 3 4 5 7 10 | 10.3
Throwing       | |  1.7
Dodging        | |  2.4

Action                   |  1- 3 |  4- 6 |  7- 9 | 10-12 || total
-------------------------+-------+-------+-------+-------++-------
Melee: Flail             |   117 |   228 |   172 |       ||   517
       Morningstar       |       |       |   144 |   383 ||   527
       Mace              |       |       |    37 |   217 ||   254
       Punch             |       |       |       |     1 ||     1
Throw: Dart              |       |     6 |    15 |       ||    21
       Throwing net      |       |       |       |     3 ||     3
Invok: Heroism           |       |       |       |     4 ||     4
Evoke: Wand              |       |       |       |     5 ||     5
  Use: Potion            |       |       |     2 |     5 ||     7
       Scroll            |       |       |    10 |     6 ||    16
 Stab: Sleeping          |     1 |       |       |       ||     1
Armor: Leather armour    |    67 |    30 |       |       ||    97
       Scale mail        |       |   154 |   199 |   321 ||   674
Dodge: Dodged            |    81 |   192 |   165 |   328 ||   766
